TOP OF THE 1ST |
Wizarding Express batting - Pitching for Austin Rangers : RHP Shawn Williams
|
Pitching: RHP Shawn Williams
|
|
Batting: LHB José Corona
|
0-0: Ball 1-0: Called Strike 1-1: Ball 2-1: Foul Ball, location: 2F 2-2: SINGLE (Groundball, 4MD)
|
Batting: SHB Salvador Trevino
|
0-0: Ball 1-0: Ball 2-0: Foul Ball, location: 2F 2-1: Foul Ball, location: 2F 2-2: Foul Ball, location: 2F 2-2: Strikes out swinging
|
Batting: RHB António Martínez
|
0-0: Ball 1-0: Ball 2-0: Ball 3-0: Foul Ball, location: 2F 3-1: SINGLE (Line Drive, 8LS) José Corona to second
|
Batting: LHB Nathan Tanner
|
0-0: Ball 1-0: Called Strike 1-1: Foul Ball, location: 2F 1-2: Ball 2-2: SINGLE (Groundball, 4MD) José Corona to third António Martínez to second Runner from 3rd tries for Home, SAFE, no throw
|
Batting: SHB Fernando Sánchez
|
0-0: Called Strike 0-1: Ball 1-1: Foul Ball, location: 2F 1-2: Ball 2-2: Grounds into double play, U6-3 (Groundball, 4M)
|
Top of the 1st over - 1 run, 3 hits, 0 errors, 1 left on base; Wizarding 1 - Austin 0 |
BOTTOM OF THE 1ST |
Austin Rangers batting - Pitching for Wizarding Express : LHP Charles Dobson
|
Pitching: LHP Charles Dobson
|
|
Batting: RHB Miguel Morán
|
0-0: Foul Ball, location: 2F 0-1: Ball 1-1: Swinging Strike 1-2: SINGLE (Line Drive, 7LS)
|
Batting: RHB Tony Hernández
|
0-0: Called Strike 0-1: Ball 1-1: Ball 2-1: Ball 3-1: Called Strike 3-2: Foul Ball, location: 2F 3-2: Fly out, F8 (Flyball, 89S)
|
Batting: LHB Count Dante
|
0-0: Ball 1-0: Called Strike 1-1: Ball 2-1: Swinging Strike 2-2: Strikes out looking
|
Batting: RHB Yoshihito Samurakami
|
0-0: Ball Miguel Morán steals 2nd base 1-0: Ball 2-0: Ground out 5-3 (Groundball, 56S)
|
Bottom of the 1st over - 0 runs, 1 hit, 0 errors, 1 left on base; Wizarding 1 - Austin 0 |
TOP OF THE 2ND |
Wizarding Express batting - Pitching for Austin Rangers : RHP Shawn Williams
|
Batting: LHB António Boccanegra
|
0-0: Ball 1-0: Ball 2-0: DOUBLE (Line Drive, 9LM)
|
Batting: RHB Ralph Cranford
|
0-0: Called Strike 0-1: Ball 1-1: Ball 2-1: Called Strike 2-2: Ball 3-2: Foul Ball, location: 2F 3-2: Fly out, F8 (Flyball, 8RXD) Runner from 2nd tags up, SAFE at 3rd, no throw
|
Batting: LHB David Breitling
|
0-0: Called Strike 0-1: Ball 1-1: Fly out, F9 (Flyball, 89S)
|
Batting: RHB Frank Grimes
|
0-0: Called Strike 0-1: Ball 1-1: Foul Ball, location: 2F 1-2: Ball 2-2: Ball 3-2: Base on Balls
|
Batting: LHB José Corona
|
0-0: SINGLE (Groundball, 56D) António Boccanegra scores Frank Grimes to second Runner from 2nd tries for 3rd, SAFE, throw made to third
|
Batting: SHB Salvador Trevino
|
0-0: Ball José Corona steals 2nd base 1-0: Called Strike 1-1: Foul Ball, location: 2F 1-2: Ball 2-2: Strikes out swinging
|
Top of the 2nd over - 1 run, 2 hits, 0 errors, 2 left on base; Wizarding 2 - Austin 0 |
BOTTOM OF THE 2ND |
Austin Rangers batting - Pitching for Wizarding Express : LHP Charles Dobson
|
Batting: RHB Freddy Torres
|
0-0: Ball 1-0: Called Strike 1-1: Ball 2-1: Ground out 6-3 (Groundball, 6)
|
Batting: LHB Jesús Reyes
|
0-0: Ball 1-0: Called Strike 1-1: Foul Ball, location: 2F 1-2: Ball 2-2: Fly out, F9 (Flyball, 9)
|
Batting: RHB Joseph Gray
|
0-0: Called Strike 0-1: Ball 1-1: Ball 2-1: Foul Ball, location: 2F 2-2: Ball 3-2: Foul Ball, location: 2F 3-2: Foul Ball, location: 2F 3-2: Foul Ball, location: 2F 3-2: Foul Ball, location: 2F 3-2: Base on Balls
|
Batting: RHB Jesús Villalba
|
0-0: Ball 1-0: Called Strike 1-1: Swinging Strike 1-2: Foul Ball, location: 2F 1-2: Fly out, F7 (Flyball, 7LSF)
|
Bottom of the 2nd over - 0 runs, 0 hits, 0 errors, 1 left on base; Wizarding 2 - Austin 0 |
TOP OF THE 3RD |
Wizarding Express batting - Pitching for Austin Rangers : RHP Shawn Williams
|
Batting: RHB António Martínez
|
0-0: Ball 1-0: Ball 2-0: Ball 3-0: Called Strike 3-1: Base on Balls
|
Batting: LHB Nathan Tanner
|
0-0: Ball 1-0: Ball 2-0: Ground out U3 (Groundball, 3) António Martínez to second
|
Batting: SHB Fernando Sánchez
|
0-0: Called Strike António Martínez is caught stealing 3rd base 0-1: Called Strike 0-2: Foul Ball, location: 2F 0-2: Ball 1-2: Ball 2-2: Strikes out swinging
|
Top of the 3rd over - 0 runs, 0 hits, 0 errors, 0 left on base; Wizarding 2 - Austin 0 |
BOTTOM OF THE 3RD |
Austin Rangers batting - Pitching for Wizarding Express : LHP Charles Dobson
|
Batting: SHB Ricardo Pérez
|
0-0: Called Strike 0-1: Foul Ball, location: 2F 0-2: Foul Ball, location: 2F 0-2: Ball 1-2: Ball 2-2: Fly out, F6 (Line Drive, 6)
|
Batting: RHB Miguel Morán
|
0-0: Called Strike 0-1: Fly out, F9 (Flyball, 9LD)
|
Batting: RHB Tony Hernández
|
0-0: Called Strike 0-1: Ball 1-1: Ground out 6-3 (Groundball, 6)
|
Bottom of the 3rd over - 0 runs, 0 hits, 0 errors, 0 left on base; Wizarding 2 - Austin 0 |
TOP OF THE 4TH |
Wizarding Express batting - Pitching for Austin Rangers : RHP Shawn Williams
|
Batting: LHB António Boccanegra
|
0-0: Ball 1-0: Fly out, F9 (Flyball, 9D)
|
Batting: RHB Ralph Cranford
|
0-0: Ball 1-0: Called Strike 1-1: Ball 2-1: SINGLE (Line Drive, 56)
|
Batting: LHB David Breitling
|
0-0: Ball 1-0: Ball 2-0: Ball 3-0: Base on Balls Ralph Cranford to second
|
Batting: RHB Frank Grimes
|
0-0: Fly out, F9 (Flyball, 9S)
|
Batting: LHB José Corona
|
0-0: Swinging Strike 0-1: Ball 1-1: Swinging Strike 1-2: Fly out, F9 (Flyball, 9)
|
Top of the 4th over - 0 runs, 1 hit, 0 errors, 2 left on base; Wizarding 2 - Austin 0 |
BOTTOM OF THE 4TH |
Austin Rangers batting - Pitching for Wizarding Express : LHP Charles Dobson
|
Batting: LHB Count Dante
|
0-0: Ball 1-0: Foul Ball, location: 2F 1-1: Ground out 6-3 (Groundball, 6)
|
Batting: RHB Yoshihito Samurakami
|
0-0: Called Strike 0-1: Foul Ball, location: 2F 0-2: Strikes out swinging
|
Batting: RHB Freddy Torres
|
0-0: Foul Ball, location: 2F 0-1: Swinging Strike 0-2: Foul Ball, location: 2F 0-2: Strikes out looking
|
Bottom of the 4th over - 0 runs, 0 hits, 0 errors, 0 left on base; Wizarding 2 - Austin 0 |
BOTTOM OF THE 5TH |
Austin Rangers batting - Pitching for Wizarding Express : LHP Charles Dobson
|
Batting: LHB Jesús Reyes
|
0-0: Ball 1-0: Called Strike 1-1: Ground out 4-3 (Groundball, 4)
|
Batting: RHB Joseph Gray
|
0-0: Ground out 5-3 (Groundball, 5)
|
Batting: RHB Jesús Villalba
|
0-0: Called Strike 0-1: Ball 1-1: Swinging Strike 1-2: Ball 2-2: Ball 3-2: Base on Balls
|
Batting: SHB Ricardo Pérez
|
0-0: Foul Ball, location: 2F 0-1: Foul Ball, location: 2F 0-2: Ball Pickoff Throw to First - Error! E1 Jesús Villalba to second 1-2: SINGLE (Groundball, 4MD) Jesús Villalba to third Runner from 3rd tries for Home, SAFE, no throw
|
Batting: RHB Miguel Morán
|
0-0: Ball 1-0: Fielders Choice at 2nd, 6-4 (Groundball, 56)
|
Bottom of the 5th over - 1 run, 1 hit, 1 error, 1 left on base; Wizarding 2 - Austin 1 |
TOP OF THE 6TH |
Wizarding Express batting - Pitching for Austin Rangers : RHP Shawn Williams
|
Batting: LHB David Breitling
|
0-0: Ball 1-0: Swinging Strike 1-1: Foul Ball, location: 2F 1-2: Fly out, F8 (Flyball, 78M)
|
Batting: RHB Frank Grimes
|
0-0: Swinging Strike 0-1: Foul Ball, location: 2F 0-2: Ball 1-2: Fly out, F5 (Line Drive, 56)
|
Batting: LHB José Corona
|
0-0: Ball 1-0: Ball 2-0: Ball 3-0: Called Strike 3-1: Swinging Strike 3-2: Foul Ball, location: 2F 3-2: Fly out, F8 (Flyball, 8LS)
|
Top of the 6th over - 0 runs, 0 hits, 0 errors, 0 left on base; Wizarding 2 - Austin 1 |
BOTTOM OF THE 6TH |
Austin Rangers batting - Pitching for Wizarding Express : LHP Charles Dobson
|
Batting: RHB Tony Hernández
|
0-0: Ball 1-0: Ball 2-0: Ball 3-0: Called Strike 3-1: Swinging Strike 3-2: Base on Balls
|
Pitching: LHP Dorian Daly
|
|
Batting: LHB Count Dante
|
0-0: Foul Ball, location: 2F 0-1: Ball 1-1: Ball 2-1: Swinging Strike 2-2: Strikes out swinging
|
Batting: RHB Yoshihito Samurakami
|
0-0: Ball 1-0: Foul Ball, location: 2F 1-1: Grounds into double play, 6-4-3 (Groundball, 6)
|
Bottom of the 6th over - 0 runs, 0 hits, 0 errors, 0 left on base; Wizarding 2 - Austin 1 |
TOP OF THE 7TH |
Wizarding Express batting - Pitching for Austin Rangers : RHP Shawn Williams
|
Batting: SHB Salvador Trevino
|
0-0: Swinging Strike 0-1: Swinging Strike 0-2: DOUBLE (Groundball, 5L)
|
Pitching: RHP Weston Fisher
|
|
Batting: RHB António Martínez
|
0-0: Called Strike 0-1: Ball 1-1: SINGLE (Groundball, 5D) Salvador Trevino to third
|
Batting: LHB Nathan Tanner
|
0-0: Called Strike 0-1: Ball 1-1: Ball 2-1: Foul Ball, location: 2F 2-2: Foul Ball, location: 2F 2-2: Fly out, F9 (Flyball, 89M) Runner from 3rd tags up, SCORES, throw made
|
Batting: SHB Fernando Sánchez
|
0-0: Ball 1-0: Foul Ball, location: 2F 1-1: Ball 2-1: Foul Ball, location: 2F 2-2: Foul Ball, location: 2F 2-2: Foul Ball, location: 2F 2-2: Fly out, F4 (Line Drive, 4)
|
Batting: LHB António Boccanegra
|
0-0: Called Strike António Martínez steals 2nd base 0-1: Foul Ball, location: 2F 0-2: Strikes out looking
|
Top of the 7th over - 1 run, 2 hits, 0 errors, 1 left on base; Wizarding 3 - Austin 1 |
BOTTOM OF THE 7TH |
Austin Rangers batting - Pitching for Wizarding Express : LHP Dorian Daly
|
Batting: RHB Freddy Torres
|
0-0: Called Strike 0-1: Ball 1-1: Foul Ball, location: 2F 1-2: Ball 2-2: Foul Ball, location: 2F 2-2: Fly out, F8 (Flyball, 8RS)
|
Batting: LHB Jesús Reyes
|
0-0: Called Strike 0-1: SINGLE (Groundball, 34)
|
Batting: RHB Joseph Gray
|
0-0: Fly out, F9 (Flyball, 9S)
|
Batting: RHB Jesús Villalba
|
0-0: Called Strike 0-1: SINGLE (Groundball, 6MD) Jesús Reyes to second
|
Batting: SHB Ricardo Pérez
|
0-0: Called Strike 0-1: Foul Ball, location: 2F 0-2: Ball 1-2: Ground out 5-3 (Groundball, 56S)
|
Bottom of the 7th over - 0 runs, 2 hits, 0 errors, 2 left on base; Wizarding 3 - Austin 1 |
TOP OF THE 8TH |
Wizarding Express batting - Pitching for Austin Rangers : RHP Weston Fisher
|
Batting: RHB Ralph Cranford
|
0-0: Ball 1-0: DOUBLE (Line Drive, 7LM)
|
Batting: LHB David Breitling
|
0-0: Called Strike 0-1: Ball 1-1: Ball 2-1: Foul Ball, location: 2F 2-2: Strikes out swinging
|
Batting: RHB Frank Grimes
|
0-0: Ground out 6-3 (Groundball, 6)
|
Pitching: RHP Gavin Blackburn
|
|
Batting: LHB José Corona
|
0-0: Called Strike 0-1: Swinging Strike 0-2: Ground out 5-3 (Groundball, 56)
|
Top of the 8th over - 0 runs, 1 hit, 0 errors, 1 left on base; Wizarding 3 - Austin 1 |
BOTTOM OF THE 8TH |
Austin Rangers batting - Pitching for Wizarding Express : LHP Dorian Daly
|
Batting: RHB Miguel Morán
|
0-0: Called Strike 0-1: Ground out U3 (Groundball, 3)
|
Batting: RHB Tony Hernández
|
0-0: SINGLE (Groundball, 3S) (infield hit)
|
Batting: LHB Count Dante
|
0-0: Ball 1-0: Foul Ball, location: 2F 1-1: Ball 2-1: Fly out, F7 (Flyball, 78S)
|
Batting: RHB Yoshihito Samurakami
|
0-0: Called Strike 0-1: Ball 1-1: Ball 2-1: Foul Ball, location: 2F 2-2: Foul Ball, location: 2F 2-2: Strikes out swinging
|
Bottom of the 8th over - 0 runs, 1 hit, 0 errors, 1 left on base; Wizarding 3 - Austin 1 |
TOP OF THE 9TH |
Wizarding Express batting - Pitching for Austin Rangers : RHP Gavin Blackburn
|
Batting: SHB Salvador Trevino
|
0-0: Ground out 1-3 (Groundball, 13S)
|
Batting: RHB António Martínez
|
0-0: Ground out 6-3 (Groundball, 6)
|
Batting: LHB Nathan Tanner
|
0-0: Swinging Strike 0-1: Foul Ball, location: 2F 0-2: Ball 1-2: Ground out 6-3 (Groundball, 6)
|
Top of the 9th over - 0 runs, 0 hits, 0 errors, 0 left on base; Wizarding 3 - Austin 1 |
BOTTOM OF THE 9TH |
Austin Rangers batting - Pitching for Wizarding Express : LHP Dorian Daly
|
Pitching: LHP Eijiro Takahashi
|
|
Batting: RHB Freddy Torres
|
0-0: Ball 1-0: Ground out 1-3 (Groundball, 15S)
|
Batting: LHB Jesús Reyes
|
0-0: Called Strike 0-1: Called Strike 0-2: Strikes out swinging, 2-3 out at first.
|
Batting: RHB Joseph Gray
|
0-0: Called Strike 0-1: DOUBLE (Line Drive, 8LD)
|
Batting: RHB Jesús Villalba
|
0-0: Ball 1-0: Ball 2-0: Ball 3-0: Swinging Strike 3-1: Ground out 5-3 (Groundball, 56)
|
Bottom of the 9th over - 0 runs, 1 hit, 0 errors, 1 left on base; Wizarding 3 - Austin 1 |
|